 Dungeon Crawl Stone Soup version 0.20.1-1-g8b1a95d (webtiles) character file.

29306 graki42 the Eclecticist (level 13, 0/66 HPs)
             Began as a Deep Elf Fire Elementalist on Aug 11, 2017.
             Was a High Priest of Vehumet.
             Slain by a black mamba (10 damage)
             ... on level 5 of the Lair of Beasts.
             The game lasted 01:36:17 (16283 turns).

graki42 the Eclecticist (DEFE)                     Turns: 16283, Time: 01:36:19

Health: 0/66       AC:  9    Str:  8    XL:     13   Next: 14%
Magic:  25/39      EV: 14    Int: 29    God:    Vehumet [*****.]
Gold:   1155       SH:  0    Dex: 13    Spells: 15/45 levels left

rFire    + + .     SeeInvis +   O - staff of wizardry
rCold    + . .     Gourm    .   (no shield)
rNeg     . . .     Faith    .   q - +1 robe of Panentheism {rElec Int+6}
rPois    .         Spirit   .   v - +1 helmet
rElec    +         Reflect  .   r - scarf {rC+ rF+}
rCorr    .         Harm     .   y - +1 pair of gloves
MR       +....                  K - +1 pair of boots
Stlth    +++.......             L - amulet of magic regeneration
Regen    0.3/turn               e - ring of protection from fire
MPRegen  0.4/turn               E - ring of see invisible

@: lethally poisoned (0 -> -2)
A: claws 1, clumsy 1, high mp 1
a: Renounce Religion


You were on level 5 of the Lair of Beasts.
You worshipped Vehumet.
Vehumet was extremely pleased with you.
You were not hungry.

You visited 2 branches of the dungeon, and saw 15 of its levels.
You also visited: Ossuary.

You collected 1220 gold pieces.
You spent 65 gold pieces at shops.

Inventory:

Missiles
 j - 493 stones (quivered)
 x - 230 arrows
Armour
 q - the +1 robe of Panentheism (worn) {rElec Int+6}
   (You found it on level 2 of the Lair of Beasts)

   It affects your intelligence (+6).
   It insulates you from electricity.
 r - a scarf of resistance (worn)
 v - a +1 helmet (worn)
 y - a +1 pair of gloves (worn)
 A - a +3 leather armour of fire resistance
 K - a +1 pair of boots (worn)
Magical Staves
 O - an uncursed staff of wizardry (weapon)
Jewellery
 e - a ring of protection from fire (left hand)
 E - a ring of see invisible (right hand)
 L - an amulet of magic regeneration (around neck)
Wands
 a - a wand of lightning (5/15)
 o - a wand of disintegration (17/24)
 t - a wand of disintegration (14/24)
Scrolls
 f - a scroll of fog
 g - 12 scrolls of remove curse
 n - 11 scrolls of teleportation
 p - 2 scrolls of magic mapping
 s - 2 scrolls of amnesia
 D - a scroll of immolation
 F - a scroll of fear {unknown}
 M - 2 scrolls of blinking
 N - 2 scrolls of brand weapon
 S - a scroll of recharging {unknown}
 U - a scroll of holy word {unknown}
 X - a scroll of torment {unknown}
Potions
 b - a potion of cancellation
 h - 3 potions of magic
 w - 5 potions of brilliance
 B - 3 potions of heal wounds
 G - a potion of resistance
 V - 2 potions of haste
Books
 d - a book of Ice

   Spells                             Type                      Level
   a - Ice Form                       Ice/Transmutation            4
   b - Metabolic Englaciation         Hexes/Ice                    5
   c - Ozocubu's Refrigeration        Ice                          6
   d - Bolt of Cold                   Conjuration/Ice              6
   e - Freezing Cloud                 Conjuration/Ice/Air          6
   f - Simulacrum                     Ice/Necromancy               6
Comestibles
 c - 6 bread rations
 i - 3 chunks of flesh
 m - 5 meat rations
 C - 17 fruits
 I - 2 royal jellies


   Skills:
 + Level 1.8 Fighting
   Level 0.4 Short Blades
 + Level 3.2 Armour
 + Level 4.8 Dodging
 + Level 4.1 Stealth
 + Level 16.6 Spellcasting
 + Level 9.8 Conjurations
 + Level 2.3 Hexes
   Level 3.2 Translocations
 + Level 10.3 Fire Magic
 + Level 7.1 Air Magic
 + Level 8.2 Earth Magic
 + Level 1.8 Poison Magic


You had 15 spell levels left.
You knew the following spells:

 Your Spells              Type           Power        Failure   Level  Hunger
a - Flame Tongue          Conj/Fire      #####        1%          1    None
b - Conjure Flame         Conj/Fire      ######..     1%          3    None
c - Inner Flame           Hex/Fire       ######..     1%          3    None
d - Sticky Flame          Conj/Fire      ######..     1%          4    None
e - Fireball              Conj/Fire      ######....   1%          5    None
f - Sandblast             Erth           ######       1%          1    None
g - Airstrike             Air            ######....   1%          4    None
h - Mephitic Cloud        Conj/Pois/Air  ######..     1%          3    None
j - Bolt of Fire          Conj/Fire      ######....   1%          6    ###....


Dungeon Overview and Level Annotations

Branches:
Dungeon (10/15)            Temple (0/1) D:5            Lair (5/6) D:9
    Orc (0/2) D:10
  Swamp: Lair:2-4    Shoals: Lair:2-4     Snake: Lair:2-4    Spider: Lair:2-4
  Slime: Lair:5-6

Altars:
Ashenzari
Dithmenos
Makhleb
Qazlal
Sif Muna
Trog
Uskayaw
Vehumet
Xom
Zin
The Shining One

Shops:
D:4 (   D:5 (   D:6 (   D:7 !   D:9 *

Annotations:
Lair:4 Rupert


Innate Abilities, Weirdness & Mutations

You have sharp fingernails.
You are clumsy. (Dex -2)
You have an increased reservoir of magic. (+10% MP)


Message History

A black mamba comes into view.
The black mamba hisses angrily.
The black mamba moves out of view.
You now have 1155 gold pieces (gained 19).
You start resting.
Eating one of 4 chunks of flesh.
You eat one of the 4 chunks of flesh.
This raw flesh tastes terrible.
You feel sick. The black mamba misses you.
Casting: Sticky Flame
Confirm with . or Enter, or press ? or * to list all spells.
Aiming: Sticky Flame
Press: ? - help, Shift-Dir - straight line, f - black mamba
Aim: a black mamba The sticky flame hits the black mamba.
The black mamba is moderately wounded.
The black mamba is covered in liquid flames!
The black mamba burns!
The black mamba bites you!
* * * LOW HITPOINT WARNING * * *
The black mamba bites you!
You die...

.............>. .
................ .. .
............... .. #. .
..#........ ..
#.#.#.........# ###..
###..#. ##......####..#.
....... #.......%#...PP.
......S##P......#.......
#.....@........###..#P.
###...#........P.......
######...............
...##ยงยง#...............
........)..............
.......................
.......................
.......................
.......................


You could see a black mamba (burning).

Vanquished Creatures
  3 hydras
  The ghost of vineage the Cruncher, a journeyman DsGl (D:9)
  3 two-headed ogres
  The ghost of flestrin the Summoner, a journeyman DESu of Sif Muna (Lair:2)
  Pikel (D:4)
  7 elephants
  7 spiny frogs
  4 black mambas
  5 komodo dragons
  6 polar bears
  8 blink frogs
  8 hippogriffs
  3 slime creatures (D:10)
  A basilisk (Lair:5)
  21 yaks
  A spriggan (D:7)
  3 wyverns
  Grum (D:9)
  Menkaure (Ossuary)
  Edmund (D:4)
  4 water moccasins
  Duvessa (D:4)
  9 porcupines
  2 ice beasts
  An orc warrior (D:10)
  3 slaves (D:4)
  2 phantoms (D:5)
  2 black bears
  6 ogres
  17 wolves
  A necrophage (D:7)
  4 centaurs
  11 crocodiles
  2 big kobolds
  10 bullfrogs
  A wyvern zombie (D:10)
  Dowan (D:4)
  A jelly (D:10)
  2 scorpions (D:8)
  A wyvern skeleton (D:7)
  10 electric eels
  3 howler monkeys
  4 centaur zombies (Ossuary)
  A crimson imp (D:10)
  8 hounds
  5 orc priests
  Natasha (thrice) (D:2)
  An iguana (D:10)
  5 worker ants
  6 orc wizards
  An ogre zombie (Ossuary)
  6 mummies (Ossuary)
  Robin (D:3)
  11 adders
  An ooze (D:2)
  2 adder zombies (Ossuary)
  An adder skeleton (D:4)
  4 worms
  A dart slug (D:3)
  7 leopard geckos
  25 orcs
  3 ball pythons
  6 giant cockroaches
  2 gnoll zombies (Ossuary)
  18 goblins
  12 hobgoblins
  11 jackals
  32 kobolds
  6 quokkas
  9 bats
  5 frilled lizards
  9 hobgoblin zombies (Ossuary)
  6 kobold zombies (Ossuary)
  A quokka skeleton (D:7)
  6 quokka zombies
  10 rats
  A rat zombie (Ossuary)
  9 plants
419 creatures vanquished.

Vanquished Creatures (others)
  An orc wizard (D:4)
  An orc (D:4)
  3 fungi
  4 plants (Lair:5)
9 creatures vanquished.

Grand Total: 428 creatures vanquished

Notes
Turn   | Place    | Note
-------+----------+-------------------------------------------
     0 | D:1      | graki42 the Deep Elf Fire Elementalist began the quest for the Orb.
     0 | D:1      | Reached XP level 1. HP: 10/10 MP: 6/6
    89 | D:1      | Reached XP level 2. HP: 10/15 MP: 1/8
   520 | D:1      | Reached XP level 3. HP: 19/19 MP: 7/10
   937 | D:2      | Learned a level 3 spell: Conjure Flame
   941 | D:2      | Learned a level 3 spell: Inner Flame
   961 | D:2      | Reached skill level 4 in Spellcasting
   987 | D:2      | Found a bloodstained altar of Trog.
  1005 | D:2      | Noticed Natasha
  1016 | D:2      | Killed Natasha
  1016 | D:2      | Reached XP level 4. HP: 9/24 MP: 6/12
  1184 | D:2      | Noticed Natasha
  1189 | D:2      | Killed Natasha
  1328 | D:2      | Found a shattered altar of Ashenzari.
  1650 | D:2      | Reached XP level 5. HP: 28/28 MP: 9/14
  1706 | D:2      | Found a radiant altar of Vehumet.
  1716 | D:2      | Became a worshipper of Vehumet
  1847 | D:2      | Noticed Natasha
  1853 | D:2      | Killed Natasha
  1853 | D:2      | Reached skill level 5 in Spellcasting
  1863 | D:2      | Learned a level 4 spell: Sticky Flame
  2012 | D:3      | Found a burning altar of Makhleb.
  2073 | D:3      | Noticed Robin
  2094 | D:3      | Killed Robin
  2305 | D:3      | Found a glowing golden altar of the Shining One.
  2370 | D:3      | Reached * piety under Vehumet
  2370 | D:3      | Offered knowledge of Sandblast by Vehumet.
  2373 | D:3      | Learned a level 1 spell: Sandblast
  3142 | D:4      | Reached XP level 6. HP: 30/32 MP: 11/16
  3193 | D:4      | Found Ifinioph's Weapon Boutique.
  3220 | D:4      | Gained mutation: You have an increased reservoir of magic. (+10% MP) [potion of mutation]
  3220 | D:4      | Gained mutation: You are clumsy. (Dex -2) [potion of mutation]
  3220 | D:4      | Gained mutation: You have sharp fingernails. [potion of mutation]
  3297 | D:4      | Noticed Duvessa
  3297 | D:4      | Noticed Dowan
  3305 | D:4      | Killed Duvessa
  3305 | D:4      | Reached skill level 6 in Spellcasting
  3305 | D:4      | Reached skill level 1 in Earth Magic
  3311 | D:4      | Killed Dowan
  3311 | D:4      | Reached skill level 5 in Fire Magic
  3468 | D:4      | Reached XP level 7. HP: 33/36 MP: 10/20
  3597 | D:4      | Noticed Pikel
  3608 | D:4      | Reached skill level 7 in Spellcasting
  3636 | D:4      | Killed Pikel
  3636 | D:4      | Reached skill level 8 in Spellcasting
  3636 | D:4      | Reached XP level 8. HP: 37/42 MP: 2/24
  3808 | D:4      | Learned a level 5 spell: Fireball
  3883 | D:4      | Noticed Edmund
  3902 | D:4      | Killed Edmund
  4200 | D:5      | Entered Level 5 of the Dungeon
  4231 | D:5      | Reached skill level 9 in Spellcasting
  4439 | D:5      | Found a shimmering altar of Xom.
  4482 | D:5      | Offered knowledge of Shock by Vehumet.
  4483 | D:5      | Reached ** piety under Vehumet
  4596 | D:5      | Found Jeeck's Antique Weapon Shop.
  4629 | D:5      | Found a staircase to the Ecumenical Temple.
  4869 | D:5      | Reached skill level 1 in Armour
  4869 | D:5      | Reached skill level 1 in Hexes
  5601 | D:6      | Found a hide-covered altar of Uskayaw.
  5630 | D:6      | Found a sand-covered staircase.
  5638 | Ossuary  | Entered an ossuary
  5804 | Ossuary  | Reached skill level 10 in Spellcasting
  6068 | Ossuary  | Reached skill level 5 in Conjurations
  6068 | Ossuary  | Reached XP level 9. HP: 46/46 MP: 21/27
  6082 | Ossuary  | Noticed Menkaure
  6084 | Ossuary  | Offered knowledge of Static Discharge by Vehumet.
  6092 | Ossuary  | Killed Menkaure
  6206 | D:6      | Found Yqumij's Weapon Shoppe.
  6478 | D:6      | Reached *** piety under Vehumet
  6490 | D:6      | Offered knowledge of Ignite Poison by Vehumet.
  7331 | D:7      | Reached skill level 1 in Fighting
  7583 | D:7      | Reached skill level 11 in Spellcasting
  7926 | D:7      | Found a shadowy altar of Dithmenos.
  8072 | D:7      | Reached **** piety under Vehumet
  8199 | D:7      | Found Oroduohahi's Distillery.
  8208 | D:7      | Bought a potion of heal wounds for 65 gold pieces
  8261 | D:7      | Found a stormy altar of Qazlal.
  8538 | D:8      | Reached skill level 5 in Earth Magic
  8538 | D:8      | Reached XP level 10. HP: 52/52 MP: 24/30
  8542 | D:8      | Offered knowledge of Airstrike by Vehumet.
  8548 | D:8      | Learned a level 4 spell: Airstrike
  9014 | D:8      | Found a glowing silver altar of Zin.
  9014 | D:8      | Noticed an angel
  9434 | D:9      | Noticed Grum
  9448 | D:9      | Reached skill level 1 in Air Magic
  9452 | D:9      | Killed Grum
  9453 | D:9      | Reached skill level 12 in Spellcasting
  9467 | D:9      | Noticed a two-headed ogre
  9588 | D:9      | Killed a two-headed ogre
  9594 | D:9      | Learned a level 3 spell: Mephitic Cloud
  9773 | D:9      | Noticed a two-headed ogre
  9781 | D:9      | Noticed vineage's ghost (journeyman DsGl)
  9788 | D:9      | Killed a two-headed ogre
  9801 | D:10     | Entered Level 10 of the Dungeon
 10023 | D:9      | Found a deep blue altar of Sif Muna.
 10029 | D:9      | Found a staircase to the Lair.
 10337 | D:9      | Killed vineage's ghost
 10337 | D:9      | Reached skill level 13 in Spellcasting
 10587 | D:9      | Found Parphy's General Store.
 11063 | D:10     | Noticed a two-headed ogre
 11070 | D:10     | Killed a two-headed ogre
 11070 | D:10     | Reached XP level 11. HP: 56/56 MP: 20/33
 11385 | D:10     | Reached skill level 5 in Air Magic
 11565 | D:10     | Found a staircase to the Orcish Mines.
 11663 | D:10     | Learned a level 3 spell: Gell's Gravitas
 11732 | Lair:1   | Entered Level 1 of the Lair of Beasts
 12184 | Lair:1   | Reached skill level 14 in Spellcasting
 12353 | Lair:1   | Noticed a seven-headed hydra
 12359 | Lair:1   | Killed a seven-headed hydra
 13139 | Lair:2   | Reached skill level 1 in Poison Magic
 13271 | Lair:2   | Reached ***** piety under Vehumet
 13364 | Lair:2   | Reached XP level 12. HP: 47/62 MP: 3/35
 13490 | Lair:2   | Offered knowledge of Bolt of Fire by Vehumet.
 13589 | Lair:1   | Learned a level 6 spell: Bolt of Fire
 13635 | Lair:2   | Reached skill level 15 in Spellcasting
 13775 | Lair:2   | Noticed a four-headed hydra
 13775 | Lair:2   | Noticed flestrin's ghost (journeyman DESu)
 13789 | Lair:2   | Killed flestrin's ghost
 13952 | Lair:2   | Killed a four-headed hydra
 14010 | Lair:2   | Noticed a seven-headed hydra
 14023 | Lair:2   | Killed a seven-headed hydra
 14176 | Lair:2   | Got a faintly glowing robe
 14177 | Lair:2   | Identified the +1 robe of Panentheism {rElec Int+6} (You found it on level 2 of the Lair of Beasts)
 14672 | Lair:3   | Reached skill level 1 in Translocations
 14672 | Lair:3   | Reached skill level 10 in Fire Magic
 15260 | Lair:3   | Reached skill level 16 in Spellcasting
 15803 | Lair:4   | Noticed Rupert
 15867 | Lair:5   | Reached XP level 13. HP: 66/66 MP: 35/38
 16283 | Lair:5   | Slain by a black mamba

Skill      XL: |  1  2  3  4  5  6  7  8  9 10 11 12 13 |
---------------+----------------------------------------+-----
Fire Magic     | 4 5 6 7 8 9 10 | 10.3
Spellcasting   | 4 5 6 8 10 11 13 14 16 | 16.6
Conjurations   | 2 3 4 5 6 7 8 9 |  9.8
Dodging        | 3 4 |  4.8
Earth Magic    | 1 2 4 5 6 8 |  8.2
Armour         | 1 2 3 |  3.2
Hexes          | 1 2 |  2.3
Stealth        | 3 4 |  4.1
Fighting       | 1 |  1.8
Air Magic      | 4 6 7 |  7.1
Poison Magic   | 1 |  1.8
Translocations | 2 3 |  3.2
Short Blades   | |  0.4

Action                   |  1- 3 |  4- 6 |  7- 9 | 10-12 | 13-15 || total
-------------------------+-------+-------+-------+-------+-------++-------
Melee: Dagger            |     1 |     5 |    12 |     2 |       ||    20
Throw: Stone             |       |       |     2 |       |       ||     2
 Cast: Flame Tongue      |    74 |    80 |   153 |    83 |    13 ||   403
       Sandblast         |       |    20 |    58 |   110 |    16 ||   204
       Conjure Flame     |       |     5 |     9 |    17 |     1 ||    32
       Sticky Flame      |       |     5 |    24 |    51 |    12 ||    92
       Inner Flame       |       |     1 |     9 |     8 |     1 ||    19
       Fireball          |       |       |    15 |    90 |     7 ||   112
       Airstrike         |       |       |       |    38 |       ||    38
       Mephitic Cloud    |       |       |       |    30 |     1 ||    31
       Gell's Gravitas   |       |       |       |     2 |     6 ||     8
       Bolt of Fire      |       |       |       |     2 |       ||     2
  Use: Scroll            |       |     6 |     6 |     5 |    13 ||    30
       Potion            |       |     2 |       |    10 |       ||    12
  Eat: Chunk             |       |     8 |    19 |    25 |     2 ||    54
       Fruit             |       |       |     1 |     3 |       ||     4
Armor: Robe              |     9 |     7 |       |     5 |     1 ||    22
       Leather armour    |       |       |    27 |    20 |       ||    47
       Skin              |       |       |       |    18 |       ||    18
Dodge: Dodged            |    22 |    27 |    56 |    65 |    10 ||   180
